Map: [ESL] Alcyone

Players

Jieshi - Winner!

  • Race: Protoss Protoss
  • Spawn Location: 7:00

Nice

  • Race: Protoss Protoss
  • Spawn Location: 1:00

Event: ESL SC2 Masters 2024 Spring (Regional)

VOD

Have the link to the VOD?

Description

Time

  • Played on: April 26, 2024, 6:52 a.m.
  • Length: 14:39

All games in this series

Show
View Real Time Build Order
Export as new Build Order

Jieshi Protoss - Winner!

Build Orders:  

Get SALT Encoding   

  12  0:00  Probe  
  13  0:12  Probe  
  14  0:17  Pylon  
  14  0:24  Probe (Chrono Boost)  
  16  0:37  Probe (Chrono Boost), Gateway  
  16  0:43  Probe (Chrono Boost)  
  16  0:46  Assimilator  
  17  0:51  Probe  
  17  0:55  Assimilator  
  18  1:03  Probe (Chrono Boost)  
  19  1:08  Gateway  
  19  1:13  Probe (Chrono Boost)  
  19  1:18  Probe (Chrono Boost)  
  20  1:24  Cybernetics Core  
  21  1:30  Probe  
  22  1:34  Pylon  
  22  1:42  Probe  
  24  1:54  Probe  
  24  1:59  Warp Gate (Chrono Boost)  
  24  2:01  Adept x2  
  28  2:13  Pylon  
  28  2:31  Adept x2  
  32  2:44  Probe  
  32  2:45  Nexus  
  33  3:00  Probe  
  33  3:01  Adept x2  
  38  3:07  Pylon  
  38  3:13  Probe  
  39  3:20  Robotics Facility  
  39  3:25  Probe  
  40  3:37  Probe  
  40  3:40  Adept x2  
  45  3:45  Shield Battery  
  45  3:49  Probe  
  46  4:02  Sentry x2  
  52  4:06  Shield Battery  
  50  4:10  Immortal (Chrono Boost)  
  54  4:26  Sentry  
  54  4:27  Sentry  
  58  4:37  Probe x2  
  58  4:41  Immortal (Chrono Boost)  
  58  4:49  Probe x2  
  56  4:56  Twilight Council  
  56  5:01  Probe x2  
  58  5:10  Adept  
  58  5:11  Adept  
  58  5:13  Probe x2  
  54  5:20  Gateway  
  50  5:24  Immortal (Chrono Boost)  
  50  5:25  Probe x2  
  50  5:39  Adept x2  
  50  5:41  Assimilator, Probe x2  
  54  5:48  Resonating Glaives  
  54  5:51  Gateway  
  54  5:53  Shield Battery  
  54  6:00  Immortal (Chrono Boost)  
  58  6:07  Shield Battery  
  58  6:09  Probe x2  
  58  6:10  Adept  
  62  6:13  Pylon  
  62  6:29  Warp Prism (Chrono Boost)  
  62  6:30  Gateway  
  64  6:33  Gateway  
  64  6:35  Sentry, Adept x2  
  64  6:38  Pylon  
  70  6:48  Pylon  
  70  6:54  Pylon  
  70  6:55  Observer (Chrono Boost)  
  70  6:57  Pylon  
  71  7:01  Adept x3  
  71  7:08  Pylon  
  77  7:12  Pylon, Adept  
  79  7:23  Stalker x2  
  79  7:27  Stalker x2  
  85  7:40  Stalker x2  
  85  7:49  Stalker  
  85  7:50  Adept x3  
  91  8:05  Stalker x2  
  86  8:06  Probe  
  86  8:11  Stalker  
  74  8:14  Stalker x2  
  74  8:19  Probe  
  70  8:20  Probe  
  70  8:24  Stalker  
  66  8:31  Stalker  
  62  8:34  Probe (Chrono Boost)  
  63  8:42  Probe (Chrono Boost)  
  63  8:46  Probe (Chrono Boost)  
  59  8:52  Probe (Chrono Boost)  
  59  8:54  Stalker, Probe (Chrono Boost)  
  57  8:57  Probe (Chrono Boost)  
  57  8:59  Sentry  
  57  9:00  Probe  
  61  9:06  Stalker  
  63  9:11  Stalker  
  63  9:16  Stalker  
  68  9:22  Stalker  
  68  9:23  Stalker  
  71  9:40  Observer  
  67  9:47  Stalker, Nexus  
  67  9:49  Blink (Chrono Boost), Stalker  
  67  9:51  Observer  
  67  10:00  Probe x2  
  67  10:06  Observer  
  68  10:07  Pylon  
  68  10:08  Stalker  
  68  10:12  Probe x2  
  71  10:24  Stalker  
  71  10:25  Stalker  
  75  10:29  Observer  
  75  10:33  Probe x2  
  77  10:46  Stalker  
  77  10:47  Stalker x3  
  77  10:49  Observer  
  85  10:57  Shield Battery  
  85  10:58  Stalker  
  85  11:00  Stalker  
  89  11:11  Stalker  
  89  11:12  Stalker  
  89  11:16  Stalker  
  89  11:18  Observer, Probe (Chrono Boost)  
  96  11:24  Stalker, Probe (Chrono Boost)  
  99  11:26  Probe (Chrono Boost)  
  99  11:27  Probe (Chrono Boost)  
  99  11:31  Probe (Chrono Boost)  
  99  11:32  Probe x2 (Chrono Boost)  
  102  11:34  Forge  
  103  11:43  Probe  
  103  11:44  Probe x2  
  106  11:50  Sentry  
  106  11:51  Stalker  
  106  11:52  Stalker  
  112  11:56  Probe  
  112  11:58  Stalker  
  115  12:01  Protoss Ground Weapons Level 1 (Chrono Boost)  
  115  12:05  Pylon  
  115  12:06  Observer  
  115  12:08  Probe  
  116  12:13  Stalker  
  118  12:17  Gateway  
  118  12:19  Gateway  
  118  12:20  Probe  
  119  12:24  Observer (Chrono Boost)  
  119  12:25  Photon Cannon  
  119  12:32  Stalker  
  121  12:41  Stalker x2  
  121  12:42  Zealot x2  
  121  12:43  Zealot  
  131  12:47  Probe  
  131  12:48  Pylon  
  131  12:49  Assimilator  
  132  12:53  Assimilator, Photon Cannon  
  132  12:57  Photon Cannon  
  132  13:05  Probe  
  133  13:14  Stalker x3  
  133  13:16  Stalker  
  133  13:17  Probe  
  142  13:24  Stalker  
  142  13:25  Stalker  
  137  13:47  Stalker x2  
  137  13:48  Stalker  
  137  13:53  Stalker  
  137  13:54  Stalker x2  
  109  14:13  Stalker x2  
  109  14:14  Stalker x3  
  109  14:16  Nexus  
  105  14:21  Stalker  
Show
View Real Time Build Order
Export as new Build Order

Nice Protoss 

Build Orders:  

Get SALT Encoding   

  12  0:00  Probe  
  13  0:12  Probe  
  14  0:18  Pylon  
  14  0:24  Probe (Chrono Boost)  
  15  0:37  Probe (Chrono Boost)  
  15  0:38  Gateway  
  16  0:42  Probe  
  16  0:47  Assimilator  
  17  0:54  Probe (Chrono Boost)  
  18  0:59  Assimilator  
  18  1:07  Probe (Chrono Boost)  
  19  1:15  Probe (Chrono Boost)  
  20  1:21  Probe  
  20  1:25  Cybernetics Core  
  21  1:29  Pylon  
  21  1:31  Zealot  
  24  1:47  Probe  
  24  1:57  Nexus  
  25  2:01  Probe  
  25  2:02  Warp Gate  
  25  2:13  Probe  
  25  2:14  Sentry (Chrono Boost)  
  28  2:31  Sentry  
  28  2:32  Pylon  
  30  2:44  Probe  
  31  2:49  Gateway  
  31  2:50  Gateway  
  30  2:53  Shield Battery  
  30  2:54  Sentry (Chrono Boost)  
  32  2:58  Shield Battery  
  32  3:10  Probe  
  33  3:13  Pylon  
  33  3:15  Sentry (Chrono Boost)  
  35  3:25  Shield Battery  
  35  3:35  Gateway  
  35  3:37  Pylon  
  35  3:38  Probe  
  36  3:51  Stalker x3  
  42  4:08  Pylon  
  42  4:18  Stalker x2  
  42  4:19  Stalker  
  46  4:37  Probe x2 (Chrono Boost)  
  40  4:46  Probe x2 (Chrono Boost)  
  38  4:54  Adept x3  
  38  4:55  Adept  
  38  4:58  Probe (Chrono Boost)  
  48  5:00  Probe (Chrono Boost)  
  44  5:11  Probe (Chrono Boost)  
  43  5:17  Sentry, Adept x2  
  43  5:29  Stargate  
  43  5:33  Adept  
  41  5:40  Adept x2  
  41  5:41  Probe x2 (Chrono Boost)  
  45  5:53  Probe x2 (Chrono Boost)  
  47  5:58  Probe (Chrono Boost)  
  47  5:59  Probe (Chrono Boost)  
  49  6:06  Pylon  
  49  6:07  Probe  
  51  6:14  Oracle (Chrono Boost)  
  51  6:15  Forge  
  54  6:26  Shield Battery  
  53  6:33  Pylon  
  53  6:36  Assimilator  
  53  6:37  Assimilator  
  53  6:40  Pylon  
  53  6:46  Void Ray (Chrono Boost)  
  57  6:48  Photon Cannon  
  57  6:53  Probe  
  57  6:54  Photon Cannon  
  58  6:55  Probe  
  59  7:11  Pylon  
  59  7:19  Void Ray (Chrono Boost), Adept x3  
  69  7:23  Shield Battery  
  69  7:34  Stargate  
  69  7:35  Pylon  
  69  7:38  Shield Battery  
  69  7:43  Adept x2  
  73  7:48  Adept  
  73  7:52  Shield Battery  
  77  8:00  Shield Battery  
  77  8:01  Void Ray  
  73  8:08  Adept  
  73  8:09  Adept  
  48  8:33  Zealot x2  
  53  8:52  Oracle (Chrono Boost)  
  49  8:56  Nexus  
  49  9:03  Probe  
  50  9:13  Sentry x3  
  56  9:25  Probe  
  57  9:35  Pylon  
  57  9:55  Probe  
  57  9:58  Robotics Facility  
  54  10:07  Probe  
  55  10:15  Robotics Facility  
  55  10:20  Probe x2 (Chrono Boost)  
  57  10:26  Protoss Ground Weapons Level 1  
  58  10:29  Probe (Chrono Boost)  
  58  10:30  Probe (Chrono Boost)  
  58  10:31  Sentry  
  58  10:33  Sentry  
  63  10:36  Sentry  
  63  10:37  Probe  
  63  10:41  Probe  
  67  10:43  Observer (Chrono Boost)  
  68  10:52  Pylon  
  68  10:56  Observer (Chrono Boost)  
  68  10:58  Observer  
  68  11:04  Stalker x3  
  71  11:06  Pylon  
  79  11:21  Observer, Immortal (Chrono Boost)  
  78  11:30  Observer, Immortal (Chrono Boost)  
  82  11:36  Stalker  
  84  11:40  Robotics Bay  
  84  11:49  Pylon  
  84  11:50  Probe x2  
  86  11:58  Observer  
  86  12:05  Immortal (Chrono Boost)  
  86  12:07  Pylon  
  90  12:20  Pylon  
  90  12:21  Pylon  
  90  12:30  Pylon  
  90  12:32  Nexus  
  90  12:34  Observer, Probe x2  
  96  12:46  Probe x2  
  96  12:50  Disruptor (Chrono Boost)  
  98  12:53  Shield Battery  
  98  12:56  Observer (Chrono Boost)  
  98  12:58  Probe  
  98  13:02  Probe  
  101  13:06  Sentry x3  
  101  13:09  Shield Battery  
  101  13:10  Pylon  
  107  13:13  Disruptor (Chrono Boost)  
  111  13:23  Disruptor  
  115  13:28  Shield Battery  
  115  13:30  Pylon  
  107  13:48  Stalker  
  107  13:49  Stalker x2  
  101  13:55  Disruptor (Chrono Boost)  
  99  14:03  Disruptor (Chrono Boost)  
  87  14:12  Stalker  
  87  14:13  Stalker x2  
Tags
 
Add a new tag
Caveats
  • Supply blocks, unpowered buildings, or Contaminate may cause inaccurate times.
  • Supply counts are checked every 10 seconds.